 Dungeon Crawl Stone Soup version 0.29.1-12-g30fa7ad0bf (webtiles) character file.

Game seed: 15508632108829038175

216 KittyFluff the Cudgeller (level 5, -3/33 HPs)
             Began as a Gargoyle Berserker on Jan 12, 2023.
             Was a Believer of Trog.
             Splashed by a jelly's acid (8 damage)
             ... on level 4 of the Dungeon.
             The game lasted 00:10:41 (2684 turns).

KittyFluff the Cudgeller (Gargoyle Berserker)       Turns: 2684, Time: 00:10:42

Health: -3/33      AC:  4    Str: 21    XL:     5   Next: 93%
Magic:  5/5        EV: 12    Int:  7    God:    Trog [**....]
Gold:   112        SH:  0    Dex: 11    Spells: 4/4 levels left

rFire   . . .      SeeInvis .   a - +0 mace
rCold   . . .      Faith    .   (no shield)
rNeg    + . .      Spirit   .   E - +0 leather armour
rPois   ∞          Reflect  .   (no helmet)
rElec   +          Harm     .   (no cloak)
rCorr   .          Rampage  .   (no gloves)
Will    .....                   w - +0 pair of boots
Stlth   +.........              (no amulet)
HPRegen 0.11/turn               o - ring of flight
MPRegen 0.09/turn               z - ring of flight

@: corroded, flying
A: sickness immunity, AC +4, negative energy resistance 1, electricity
resistance, torment resistance 1, petrification resistance
a: Renounce Religion, Berserk, Trog's Hand


You were on level 4 of the Dungeon.
You worshipped Trog.
Trog was pleased with you.
You visited 1 branch of the dungeon, and saw 4 of its levels.

You collected 112 gold pieces.

Inventory:

Hand Weapons
 a - a +0 mace (weapon)
 j - a +0 sling
Missiles
 d - 28 stones (quivered)
 h - 4 atropa-tipped darts
 m - 10 poisoned darts
Armour
 e - a +0 ring mail
 w - a +0 pair of boots (worn)
 E - a +0 leather armour (worn)
Jewellery
 o - a ring of flight (left hand)
 z - a ring of flight (right hand)
 C - a ring of magical power
Wands
 D - a wand of flame (10)
Scrolls
 i - a scroll of enchant armour {unknown}
 k - a scroll of teleportation {unknown}
 r - 3 scrolls of enchant weapon {unknown}
 s - a scroll of vulnerability {unknown}
 t - a scroll of immolation {unknown}
 u - a scroll of noise {unknown}
 v - a scroll of poison {unknown}
 y - a scroll of identify {unknown}
 A - a scroll of fear {unknown}
 B - a scroll of amnesia {unknown}
Potions
 c - a potion of curing {unknown}
 f - 2 potions of lignification {unknown}
 g - a potion of berserk rage {unknown}
 l - a potion of cancellation {unknown}
 n - a potion of haste {unknown}
 p - a potion of invisibility {unknown}
 q - a potion of brilliance {unknown}
 x - a potion of degeneration {unknown}


   Skills:
 + Level 4.2 Fighting
 * Level 4.6 Maces & Flails
 + Level 3.4 Armour
 + Level 2.5 Dodging


You had 4 spell levels left.
You didn't know any spells.
Your spell library was empty.

Dungeon Overview and Level Annotations

Branches:
Dungeon (4/15)
 Temple: D:4-7

Altars:
Kikubaaqudgha
Qazlal


Innate Abilities, Weirdness & Mutations

You are immune to sickness and miasma.
Your stone body is resilient. (AC +4)
You are immune to poison.
You resist negative energy. (rN+)
You are resistant to electric shocks. (rElec)
You are resistant to unholy torment.
You are immune to petrification.


Message History

You hit the hound.
The hound is severely wounded.
The hound bites you. The hound bites you but does no damage.
You hit the hound.
You kill the hound!
Trog accepts your kill.
You hit the ball python but do no damage.
The ball python closely misses you. The ball python barely misses you.
The ball python closely misses you. The ball python grabs you.
The ball python constricts you.
You closely miss the ball python. The ball python barely misses you.
The ball python constricts you.
You closely miss the ball python.
The ball python bites you but does no damage.
The ball python constricts you.
The ball python bites you but does no damage.
The ball python constricts you.
You thump the ball python!
You kill the ball python!
Trog accepts your kill.
An orc comes into view. It is wielding a +0 club.
You barely miss the jelly.
The orc shouts!
The jelly hits you. The acid corrodes you!
You are splashed with acid!
The jelly hits you but does no damage.
An orc comes into view. It is wielding a +0 flail.
You hit the jelly.
Your hands burn!
* * * LOW HITPOINT WARNING * * *
The jelly is lightly wounded.
The jelly hits you but does no damage.
You hit the jelly.
Your hands burn!
* * * LOW HITPOINT WARNING * * *
The jelly is heavily wounded.
The jelly barely misses you.
You barely miss the jelly.
The jelly is heavily wounded.
The jelly hits you.
* * * LOW HITPOINT WARNING * * *
You are splashed with acid!
You die...

...... #.........###...#...#..
.....###.........#.....#...###
#..#...#...........).#.#......
##..................##....#...
.............)..o.)..#...###..
.......J......o..#............
.......######.######..#......#
.......#§§§§#J#§§§§#..##....##
.......#§§§§#@#§§§§#..#######
.......#§§§§#.#§§§§#.##
..<..S##§§§§#_#§§§§### ......
#§§§§###§§§§# #§§§§§8§§§§§#
#§§§§§§§§§§§# #§§§§§§§§§§§#
#§§§§§§§§§§§#


You could see a jelly and 2 orcs.

Vanquished Creatures
  A scorpion (D:4)
  A hound (D:4)
  A jelly (D:4)
  3 adders (D:2)
  A worm (D:2)
  3 dart slugs
  5 orcs (D:4)
  6 ball pythons
  A bat zombie (D:3)
  3 endoplasms
  3 giant cockroaches
  5 goblins
  5 hobgoblins (D:1)
  3 jackals (D:2)
  5 quokkas
  5 bats
  4 frilled lizards
  3 kobolds
  5 rats
63 creatures vanquished.

Notes
Turn   | Place    | Note
-------+----------+-------------------------------------------
     0 | D:1      | KittyFluff the Gargoyle Berserker began the quest for the
                  | Orb.
     0 | D:1      | Reached XP level 1. HP: 14/14 MP: 1/1
   187 | D:1      | Reached XP level 2. HP: 18/19 MP: 2/2
   432 | D:1      | Reached ** piety under Trog
   698 | D:1      | Reached XP level 3. HP: 22/23 MP: 3/3
  1391 | D:2      | Reached XP level 4. HP: 29/29 MP: 4/4
  1976 | D:2      | Found a faded altar of an unknown god.
  2175 | D:3      | Found an ancient bone altar of Kikubaaqudgha.
  2375 | D:3      | You are sucked into a shaft and drop 1 floor!
  2404 | D:4      | Found a stormy altar of Qazlal.
  2423 | D:4      | Noticed a scorpion
  2433 | D:4      | Killed a scorpion
  2434 | D:4      | Reached XP level 5. HP: 33/33 MP: 5/5
  2684 | D:4      | Splashed by a jelly's acid

Illustrated notes

Levels and vault maps discovered:
D:1:      psy_arrival_conway, layout_basic, serial_curves, eino_curves_01,
          eino_curves_02, kennysheep_decorative_pillar
D:2:      layout_loops_corners, basic_ecumenical_altar,
          minmay_stone_trees_small, hangedman_abyss_or_decor_stabs
D:3:      layout_basic, lemuel_zombie_altar_kikubaaqudgha, zin_scriptorium
D:4:      layout_cave_pools, nicolae_qazlal_eye_of_the_storm

Skill      XL: |  1  2  3  4 |
---------------+-------------+-----
Dodging        | 2 |  2.5
Maces & Flails | 4 |  4.6
Armour         | 3 |  3.4
Fighting       | 4 |  4.2

Action                   |  1- 3 |  4- 6 || total
-------------------------+-------+-------++-------
Melee: Mace              |   117 |    91 ||   208
       Punch             |     2 |       ||     2
Invok: Berserk           |       |     1 ||     1
 Stab: Sleeping          |       |     1 ||     1
Armor: Animal skin       |    41 |    26 ||    67
       Leather armour    |       |     8 ||     8
Dodge: Dodged            |    94 |    58 ||   152
